 Dungeon Crawl Stone Soup version 0.29-a0-823-gc37b1572da (webtiles) character file.

Game seed: 14026316080011262998

441 buhh the Shooter (level 7, -7/45 HPs)
             Began as an Octopode Hunter on July 8, 2022.
             Killed by nerve-wracking pain
             ... invoked by Grinder
              (9 damage)
             ... on level 4 of the Dungeon.
             The game lasted 00:05:51 (3048 turns).

buhh the Shooter (Octopode Hunter)                  Turns: 3048, Time: 00:05:51

Health: -7/45      AC:  1    Str: 10    XL:     7   Next: 2%
Magic:  7/7        EV: 13    Int: 13    God:
Gold:   107        SH:  0    Dex: 16    Spells: 6/6 levels left

rFire   . . .      SeeInvis .   a - +0 shortbow
rCold   . . .      Faith    .   (shield currently unavailable)
rNeg    . . .      Spirit   .   (helmet restricted)
rPois   .          Reflect  .   (no amulet)
rElec   .          Harm     .   (no ring)
rCorr   .          Rampage  .   (no ring)
Will    .....                   (no ring)
Stlth   ++++......              (no ring)
HPRegen 0.15/turn               (no ring)
MPRegen 0.10/turn               (no ring)
                                (no ring)
                                (no ring)

@: mighty
A: almost no armour, amphibious, 8 rings, camouflage 1, gelatinous body 1,
(nimble swimmer 1), tentacles
a: no special abilities


You were on level 4 of the Dungeon.
You visited 1 branch of the dungeon, and saw 5 of its levels.

You collected 107 gold pieces.

Inventory:

Hand Weapons
 a - a +0 shortbow (weapon)
Magical Staves
 h - a staff of cold
Jewellery
 l - an amulet of magic regeneration
Wands
 k - a wand of flame (12)
Scrolls
 j - a scroll of vulnerability
 m - a scroll of enchant weapon {unknown}
 o - a scroll of noise {unknown}
Potions
 c - a potion of heal wounds {unknown}
 d - a potion of flight {unknown}
 e - a potion of magic {unknown}
 g - a potion of brilliance {unknown}
 n - a potion of attraction {unknown}
 p - a potion of cancellation {unknown}
 q - a potion of mutation {unknown}


   Skills:
 - Level 2.2 Fighting
 + Level 6.7 Ranged Weapons
 - Level 2.2 Dodging
 - Level 6.0 Stealth


You had 6 spell levels left.
You didn't know any spells.
Your spell library contained the following spells:

 Spells                   Type           Power      Damage    Failure   Level
 Ensorcelled Hibernation  Hex/Ice        0%         N/A       43%         2
 Passwall                 Tmut/Erth      0%         N/A       43%         2
 Scorch                   Fire           0%         2d5       43%         2
 Swiftness                Air            0%         N/A       67%         3
 Anguish                  Hex/Necr       0%         N/A       97%         4
 Enfeeble                 Hex            0%         N/A       100%        7
 Fire Storm               Conj/Fire      0%         5d1       100%        9


Dungeon Overview and Level Annotations

Branches:
Dungeon (5/15) Zot: 26378
 Temple: D:4-7

Altars:

Annotations:
D:4 Grinder


Innate Abilities, Weirdness & Mutations

You cannot wear most types of armour.
You are amphibious.
You can wear up to eight rings at the same time.
Your skin changes colour to match your surroundings (Stealth+).
Your rubbery body absorbs attacks. (AC +1, EV +1)
((You are camouflaged when in or above water. (Stealth+)))
You have tentacles for arms and can constrict up to eight enemies at once.


Message History

You resist with significant effort.
You shoot an arrow. The arrow barely misses Grinder.
Grinder gestures at you. Pain shoots through your body!
You shoot an arrow. The arrow hits Grinder.
Grinder is severely wounded.
Grinder closely misses you. Grinder completely misses you.
You shoot an arrow. The arrow hits Grinder.
Grinder is severely wounded.
Grinder hits you.
You writhe in agony.
You shoot an arrow. The arrow barely misses Grinder.
Grinder blinks!
You shoot an arrow. The arrow closely misses Grinder.
Grinder gestures at you.
You suddenly lose the ability to move!
Grinder gestures at you. Pain shoots through your body!
You can move again.
You shoot an arrow. The arrow closely misses Grinder.
You shoot an arrow. The arrow hits Grinder!
Grinder is almost dead.
You shoot an arrow.
The arrow hits Grinder but does no damage.
Grinder is almost dead.
Grinder gestures at you. You resist with significant effort.
You shoot an arrow.
The arrow hits Grinder but does no damage.
Grinder is almost dead.
Grinder hits you!
You writhe in agony.
* * * LOW HITPOINT WARNING * * *
Grinder gestures at you. Pain shoots through your body!
* * * LOW HITPOINT WARNING * * *
You are too injured to fight recklessly!
Unknown command.
It was a potion of might.
You feel very mighty all of a sudden. Grinder gestures at you.
Pain shoots through your body!
You die...

##.......'.........'.....
#.....####.........####..
#.##.## ##.......##
#.#### ##.....## #.#
##...## #.# ##'## #.# #.#
#.# ######.........# #.#
#.@5...#.#####.# #.#
#.##......
#.#####.##.#....
#....>.....#.....
#######.####.#.## #.#
#5### #.. ####


You could see Grinder.

Vanquished Creatures
  Sigmund (D:3)
  Eustachio (D:4)
  A gnoll (D:4)
  3 adders
  A worm (D:4)
  4 dart slugs
  An orc (D:4)
  8 ball pythons
  8 bats
  9 endoplasms
  6 giant cockroaches
  15 goblins
  6 hobgoblins
  4 jackals
  12 kobolds
  A quokka (D:1)
  2 frilled lizards
  4 rats
87 creatures vanquished.

Notes
Turn   | Place    | Note
-------+----------+-------------------------------------------
     0 | D:1      | buhh the Octopode Hunter began the quest for the Orb.
     0 | D:1      | Reached XP level 1. HP: 14/14 MP: 1/1
   131 | D:1      | Reached XP level 2. HP: 16/19 MP: 2/2
   354 | D:1      | Got Asmodeus's Directory of Kindling
   365 | D:1      | Found a faded altar of an unknown god.
   788 | D:1      | Reached XP level 3. HP: 24/24 MP: 3/3
  1365 | D:2      | Reached XP level 4. HP: 29/29 MP: 4/4
  1699 | D:3      | Noticed Sigmund
  1703 | D:3      | Killed Sigmund
  1704 | D:3      | Reached skill level 5 in Ranged Weapons
  1704 | D:3      | Reached skill level 5 in Stealth
  1704 | D:3      | Reached XP level 5. HP: 34/34 MP: 5/5
  1704 | D:3      | Reached XP level 6. HP: 39/39 MP: 6/6
  2437 | D:5      | Entered Level 5 of the Dungeon
  2715 | D:4      | Noticed Eustachio
  2727 | D:4      | Killed Eustachio
  2731 | D:4      | Reached XP level 7. HP: 45/45 MP: 7/7
  2964 | D:4      | Noticed Grinder
  3040 | D:4      | Paralysed by Grinder for 4 turns
  3047 | D:4      | HP: 2/45 [Grinder/nerve-wracking pain (8)]
  3048 | D:4      | Killed from afar by Grinder

Illustrated notes

Levels and vault maps discovered:
D:1:      mainiacjoe_arrival_reflecting_pool, layout_loops_cross,
          hellmonk_ecumenical_altar_pennies_from_heaven
D:2:      minmay_chambers_of_twos, layout_basic
D:3:      layout_rooms, mainiacjoe_overflow_paths, kennysheep_slug_shrine,
          uniq_sigmund
D:4:      layout_loops_corners, uniq_grinder, uniq_eustachio
D:5:      layout_loops_ring

Skill      XL: |  1  2  3  4  5  6 |
---------------+-------------------+-----
Stealth        | 2 3 5 6 |  6.0
Ranged Weapons | 5 6 |  6.7
Fighting       | |  2.2
Dodging        | |  2.2

Action                   |  1- 3 |  4- 6 |  7- 9 || total
-------------------------+-------+-------+-------++-------
 Fire: Shortbow          |   112 |   127 |    23 ||   262
  Use: Scroll            |       |     3 |     2 ||     5
       Potion            |       |       |     1 ||     1
Armor: Skin              |     2 |     9 |       ||    11
Dodge: Dodged            |    32 |    34 |     3 ||    69

Table legend: (Time is in decaauts)
 A = Elapsed time spent in this place.
 B = Non-inter-level travel time spent in this place.
 C = Inter-level travel time spent in this place.
 D = Time resting spent in this place.
 E = Time spent auto-exploring this place.
 F = Levels seen in this place.
 G = Mean time per level.
                   A        B        C        D        E       F      G
               +--------+--------+--------+--------+--------+-----+--------+
         Total |   3112 |   3066 |     46 |    533 |   1848 |   5 |  622.4 |
       Dungeon |   3112 |   3066 |     46 |    533 |   1848 |   5 |  622.4 |
               +--------+--------+--------+--------+--------+-----+--------+

Top non-repeatable levels by time:
     D:4: 1224 daAuts
     D:1: 980 daAuts
     D:2: 720 daAuts
     D:3: 185 daAuts
     D:5: 1 daAuts
